 Dungeon Crawl Stone Soup version 0.30-a0-879-ga8ba668304 (webtiles) character file.

Game seed: 3514905734866467722

249 112233 the Vexing (level 6, -8/41 (46) HPs)
             Began as a Formicid Hexslinger on Mar 13, 2023.
             Mangled by a gnoll sergeant
             ... wielding a +1 trident of protection
              (14 damage)
             ... on level 5 of the Dungeon.
             The game lasted 00:04:04 (2595 turns).

112233 the Vexing (Formicid Hexslinger)             Turns: 2595, Time: 00:04:05

HP:   -8/41 (46)    AC:  8    Str: 14    XL:     6   Next: 35%
MP:   9/9           EV: 12    Int: 15    God:
Gold: 97            SH:  0    Dex: 14    Spells: 9/10 levels left

rFire   . . .      SeeInvis +    a - +1 sling
rCold   . . .      Faith    .    (no shield)
rNeg    . . .      Spirit   .    c - +0 robe
rPois   .          Reflect  .    (helmet unavailable)
rElec   .          Rampage  .    j - +0 cloak
rCorr   .                        (no gloves)
Will    .....                    h - +0 pair of boots
Stlth   +                        (no amulet)
HPRegen 0.26/turn                e - +4 ring of protection
MPRegen 0.11/turn                (no ring)

@: heavily drained
A: permanent stasis, dig shafts and tunnels, antennae 3, four strong arms
a: Dig, Shaft Self


You were on level 5 of the Dungeon.
You visited 1 branch of the dungeon, and saw 7 of its levels.

You collected 97 gold pieces.

Inventory:

Hand Weapons
 a - a +1 sling (weapon)
 l - a +2 whip of electrocution
Armour
 c - a +0 robe (worn)
 h - a +0 pair of boots (worn)
 j - a +0 cloak (worn)
Jewellery
 e - a +4 ring of protection (left hand)
Wands
 k - a wand of flame (9)
Scrolls
 b - a scroll of poison
Potions
 f - a potion of attraction


   Skills:
 + Level 2.7 Fighting
 * Level 3.8 Ranged Weapons
 + Level 2.8 Dodging
 + Level 2.5 Spellcasting
 + Level 4.6 Hexes


You had 9 spell levels left.
You knew the following spells:

 Your Spells              Type           Power      Damage    Failure   Level
a - Slow                  Hex            60%        N/A       3%          1

Your spell library contained the following spells:

 Spells                   Type           Power      Damage    Failure   Level
 Sandblast                Erth           2%         2d4       22%         1
 Inner Flame              Hex/Fire       8%         N/A       24%         3
 Portal Projectile        Hex/Tloc       16%        N/A       24%         3
 Cause Fear               Hex            7%         N/A       30%         4
 Passwall                 Tmut/Erth      0%         N/A       32%         2
 Stone Arrow              Conj/Erth      2%         3d7       54%         3
 Petrify                  Tmut/Erth      1%         N/A       91%         4
 Metabolic Englaciation   Hex/Ice        4%         N/A       92%         5
 Statue Form              Tmut/Erth      0%         N/A       100%        6
 Chain Lightning          Conj/Air       0%         2d1       100%        9
 Fire Storm               Conj/Fire      0%         6d1       100%        9
 Shatter                  Erth           0%         3d5*      100%        9


Dungeon Overview and Level Annotations

Branches:
Dungeon (7/15)             Temple (0/1) D:5

Altars:
Fedhas
Sif Muna
Wu Jian
The Shining One

Annotations:
D:2 Robin
D:3 3 runed translucent doors, Ijyb; LoFi84's ghost, amateur HuHW; MrShunz's ghost, amateur VSBr
D:4 Sigmund


Innate Abilities, Weirdness & Mutations

You cannot be hasted, slowed, berserked, paralysed or teleported.
You can dig through walls and to a lower floor.
You have a pair of large antennae on your head. (SInv)
Your four strong arms can wield two-handed weapons with a shield.


Message History

Aiming: Throw Flame
Press: ? - help, Shift-Dir - straight line, f - gnoll sergeant
Aim: a gnoll sergeant, wielding a +1 trident of protection and wearing a +0 scale mail (77% to hit)
The puff of flame hits the gnoll sergeant but does no damage.
The gnoll sergeant hits you from afar with a +1 trident of protection.
A phantom comes into view.
Aiming: Throw Flame
Press: ? - help, Shift-Dir - straight line, f/p - gnoll sergeant
Aim: a gnoll sergeant, wielding a +1 trident of protection and wearing a +0 scale mail (77% to hit)
The puff of flame misses the gnoll sergeant.
The puff of flame hits the gnoll.
The gnoll is lightly wounded.
The gnoll sergeant closely misses you.
Unknown command.
You are too injured to fight recklessly!
Unknown command.
Fire: a) +1 sling
Press: ? - help, Q - select action, (/) - cycle Shift-Dir - straight line, f/p - gnoll sergeant
Aim: a gnoll sergeant, wielding a +1 trident of protection and wearing a +0 scale mail (67% to hit)
You shoot a sling bullet.
The sling bullet hits the gnoll sergeant but does no damage.
The gnoll sergeant hits you from afar with a +1 trident of protection.
Unknown command.
Fire: a) +1 sling
Press: ? - help, Q - select action, (/) - cycle Shift-Dir - straight line, f/p - gnoll sergeant
Aim: a gnoll sergeant, wielding a +1 trident of protection and wearing a +0 scale mail (67% to hit)
You shoot a sling bullet.
The sling bullet hits the gnoll sergeant but does no damage.
The sentinel's mark upon you fades away.
The gnoll sergeant hits you from afar with a +1 trident of protection!
* * * LOW HITPOINT WARNING * * *
Fire: a) +1 sling
Press: ? - help, Q - select action, (/) - cycle Shift-Dir - straight line, f/p - gnoll sergeant
Aim: a gnoll sergeant, wielding a +1 trident of protection and wearing a +0 scale mail (67% to hit)
You shoot a sling bullet.
The sling bullet hits the gnoll sergeant.
The gnoll sergeant is lightly wounded.
The gnoll sergeant closely misses you.
The gnoll sergeant hits you from afar with a +1 trident of protection!
You die...

,,***** *****
,^,*** **,,,**
,,,,,***,,,,,*
,..,,*,+,,>,,*
,,.,,,,*,,,,,*
,*#.,,###,,,**
***.,,#?#****
***#.##.##########
.,##.#...glgggg)@#
..#......W###'####
.....#...##~~,{~*
.#...#.{.##~,*,~*
,#........#,*⌠*,*
...#......#~,*,~*
.####.....#~~~~~*
..##......#******
........###


You could see a phantom, a gnoll sergeant, an iguana and 4 gnolls.

Vanquished Creatures
  A black bear (D:3)
  A jelly (D:6)
  A hound (D:5)
  Natasha (D:2)
  2 gnolls (D:5)
  8 endoplasms
  5 giant cockroaches
  4 goblins
  5 hobgoblins
  4 jackals (D:1)
  A quokka (D:1)
  6 ball pythons
  3 bats
  5 frilled lizards
  7 kobolds
  2 rats (D:1)
56 creatures vanquished.

Vanquished Creatures (others)
  4 withered plants (D:2)
4 creatures vanquished.

Grand Total: 60 creatures vanquished

Notes
Turn   | Place    | Note
-------+----------+-------------------------------------------
     0 | D:1      | 112233 the Formicid Hexslinger began the quest for the Orb.
     0 | D:1      | Reached XP level 1. HP: 15/15 MP: 2/2
    39 | D:1      | Reached XP level 2. HP: 21/21 MP: 3/3
   378 | D:1      | Reached XP level 3. HP: 26/26 MP: 5/5
   777 | D:1      | Reached skill level 4 in Hexes
  1048 | D:2      | Noticed Natasha
  1066 | D:2      | Killed Natasha
  1067 | D:2      | Reached XP level 4. HP: 17/33 MP: 2/6
  1175 | D:2      | Noticed Robin
  1597 | D:3      | Found a runed translucent gate.
  1598 | D:3      | Found a runed translucent gate.
  1600 | D:3      | Found a runed translucent gate.
  1601 | D:3      | Noticed MrShunz's ghost (amateur VSBr)
  1601 | D:3      | Noticed LoFi84's ghost (amateur HuHW)
  1792 | D:3      | Found a blossoming altar of Fedhas.
  1795 | D:3      | Found a glowing golden altar of the Shining One.
  1795 | D:3      | Noticed a black bear
  1816 | D:3      | Killed a black bear
  1817 | D:3      | Reached XP level 5. HP: 23/39 MP: 6/8
  2010 | D:3      | Found an ornate altar of the Wu Jian Council.
  2013 | D:3      | Found a shimmering blue altar of Sif Muna.
  2255 | D:3      | Noticed Ijyb
  2264 | D:3      | Identified a scroll of acquirement
  2264 | D:3      | Acquired the +3 pair of seven-league boots {Rampage+∞}
  2264 | D:3      | Found the +3 pair of seven-league boots {Rampage+∞}
  2272 | D:4      | Noticed Sigmund
  2284 | D:4      | You fall into a shaft and drop 2 floors!
  2496 | D:6      | Reached XP level 6. HP: 46/46 MP: 9/9
  2503 | D:5      | Entered Level 5 of the Dungeon
  2595 | D:5      | Mangled by a gnoll sergeant

Illustrated notes

Levels and vault maps discovered:
D:1:      mrwooster_arrival_arrow, layout_basic
D:2:      layout_basic, ebering_ecumenical_altar_petrified, uniq_robin,
          uniq_crazy_yiuf_cottage, uniq_natasha
D:3:      layout_loops_corners, grunt_temple_overflow_cloverleaf,
          gammafunk_ghost_cemetery, st_stairs_7, uniq_ijyb
D:4:      layout_basic, uniq_sigmund
D:5:      layout_cave_pools, minmay_temple_entry_enclosed_plants,
          kennysheep_generic_room_13
D:6:      layout_cave_pools, xom_redecorated, mainiacjoe_overflow_24_doors,
          serial_shops, shop, lightli_orcish_oven
D:7:      nicolae_BIG_FREAKIN_CUBE, layout_rooms, skrybe_limestone_x,
          st_stairs_6

Skill      XL: |  1  2  3  4 |
---------------+-------------+-----
Dodging        | 2 |  2.8
Hexes          | 4 |  4.6
Fighting       | 2 |  2.7
Ranged Weapons | 3 |  3.8
Spellcasting   | 2 |  2.5

Action                     |  1- 3 |  4- 6 || total
---------------------------+-------+-------++-------
  Melee: Whip              |       |     1 ||     1
   Fire: Sling             |    81 |   140 ||   221
   Cast: Slow              |     2 |     2 ||     4
Ability: Shaft Self        |       |     1 ||     1
         Dig               |       |     2 ||     2
  Evoke: Wand              |       |     3 ||     3
    Use: Potion            |     2 |     1 ||     3
         Scroll            |       |     3 ||     3
 Armour: Robe              |    13 |    28 ||    41
         Skin              |     6 |    60 ||    66
  Dodge: Dodged            |    26 |    65 ||    91

Table legend: (Time is in decaauts)
 A = Elapsed time spent in this place.
 B = Non-inter-level travel time spent in this place.
 C = Inter-level travel time spent in this place.
 D = Time resting spent in this place.
 E = Time spent auto-exploring this place.
 F = Levels seen in this place.
 G = Mean time per level.
                   A        B        C        D        E       F      G
               +--------+--------+--------+--------+--------+-----+--------+
         Total |   2650 |   2511 |    139 |    474 |   1542 |   7 |  378.6 |
       Dungeon |   2650 |   2511 |    139 |    474 |   1542 |   7 |  378.6 |
               +--------+--------+--------+--------+--------+-----+--------+

Top non-repeatable levels by time:
     D:3: 1103 daAuts
     D:1: 990 daAuts
     D:2: 226 daAuts
     D:6: 212 daAuts
     D:5: 97 daAuts
     D:4: 11 daAuts
     D:7: 7 daAuts
